Map: Catalyst LE

Players

Pyro - Winner!

  • Race: Zerg Zerg
  • League: Diamond
  • Spawn Location: 5:00

Legacy

  • Race: Terran Terran
  • League: Master
  • Spawn Location: 11:00

VOD

Have the link to the VOD?

Description

Time

  • Played on: Jan. 18, 2018, 2:37 p.m.
  • Length: 20:07
Show
View Real Time Build Order
Export as new Build Order

Pyro Zerg - Winner!

Build Orders: Hatch First 

Get SALT Encoding   

  12  0:02  Drone  
  13  0:13  Overlord  
  13  0:17  Drone  
  14  0:31  Drone x2  
  14  0:35  Drone  
  17  0:53  Hatchery  
  17  0:56  Drone  
  17  0:58  Drone  
  18  1:09  Extractor  
  17  1:14  Spawning Pool  
  17  1:16  Drone  
  17  1:20  Drone  
  18  1:29  Drone  
  19  1:39  Overlord  
  19  1:50  Drone  
  20  2:01  Queen  
  20  2:05  Queen  
  20  2:06  Zergling x4  
  26  2:08  Metabolic Boost  
  26  2:15  Drone  
  27  2:17  Drone  
  28  2:24  Drone  
  29  2:38  Queen  
  29  2:42  Queen  
  33  2:50  Hatchery  
  32  2:56  Drone  
  32  2:57  Drone  
  34  2:58  Overlord  
  34  3:03  Overlord  
  34  3:24  Drone x4  
  34  3:25  Drone x4  
  42  3:36  Drone x2  
  42  3:37  Overlord  
  44  3:52  Baneling Nest  
  43  4:00  Drone  
  43  4:02  Overlord  
  44  4:03  Drone x4  
  44  4:04  Drone  
  49  4:16  Queen, Evolution Chamber  
  49  4:17  Extractor  
  49  4:18  Drone  
  49  4:23  Zergling x10  
  49  4:24  Zergling x4  
  57  4:25  Overlord  
  57  4:28  Spine Crawler  
  56  4:38  Lair  
  56  4:42  Drone x2  
  56  4:45  Overlord x3  
  53  5:02  Drone x5  
  53  5:03  Drone x3  
  53  5:04  Queen  
  62  5:09  Baneling x2  
  62  5:10  Spine Crawler, Baneling  
  61  5:19  Zerg Ground Armor Level 1  
  61  5:20  Drone  
  61  5:21  Drone x3  
  65  5:23  Extractor  
  65  5:26  Extractor, Drone x2  
  65  5:27  Drone  
  66  5:31  Spore Crawler  
  65  5:38  Drone x4  
  69  5:43  Drone  
  69  5:44  Drone  
  71  5:50  Centrifical Hooks  
  71  5:55  Hydralisk Den  
  70  5:57  Extractor  
  69  6:06  Drone x4  
  69  6:07  Drone  
  69  6:09  Spore Crawler  
  69  6:10  Hatchery  
  69  6:11  Spore Crawler  
  71  6:18  Pneumatized Carapace  
  71  6:20  Queen x2  
  75  6:36  Muscular Augments, Extractor  
  74  6:41  Drone x6  
  74  6:42  Evolution Chamber  
  79  6:52  Overlord x4  
  76  7:01  Hydralisk  
  76  7:02  Hydralisk x2  
  76  7:04  Overlord  
  76  7:05  Overlord x4  
  81  7:14  Zergling x2  
  81  7:15  Zergling x16  
  89  7:17  Zerg Ground Armor Level 2  
  89  7:20  Zerg Missile Weapons Level 1  
  89  7:29  Drone x4  
  93  7:34  Hydralisk x4  
  101  7:37  Baneling  
  101  7:38  Baneling x3  
  101  7:41  Hydralisk  
  101  7:42  Hydralisk  
  105  7:52  Queen  
  105  7:53  Hydralisk x3  
  113  7:59  Hydralisk  
  113  8:00  Hydralisk x2  
  119  8:06  Drone x5  
  119  8:10  Drone x2  
  119  8:11  Drone x2  
  128  8:21  Spore Crawler  
  127  8:27  Hydralisk  
  127  8:28  Hydralisk x6  
  136  8:50  Hydralisk x6  
  136  8:51  Hydralisk x5  
  152  8:57  Zergling x4  
  150  9:13  Drone x3  
  150  9:14  Drone x4  
  151  9:18  Drone x4  
  151  9:19  Drone x2  
  156  9:25  Drone, Spine Crawler  
  156  9:26  Extractor, Drone x3  
  156  9:27  Spine Crawler  
  157  9:33  Infestation Pit  
  157  9:35  Zerg Missile Weapons Level 2, Zerg Melee Weapons Level 1  
  156  9:38  Hydralisk  
  156  9:39  Hydralisk  
  156  9:40  Overlord x4  
  160  9:53  Overseer x2  
  160  9:54  Overseer  
  160  9:56  Overlord x3  
  160  9:58  Queen  
  162  10:04  Zergling x2  
  162  10:05  Zergling x26  
  176  10:16  Zergling x8  
  176  10:17  Zergling x2  
  181  10:22  Baneling  
  181  10:23  Baneling x3  
  181  10:24  Baneling x4  
  181  10:25  Drone  
  181  10:26  Drone  
  183  10:32  Hive  
  167  10:57  Drone, Zergling x6  
  167  10:58  Zergling x24  
  181  11:09  Hydralisk  
  181  11:10  Hydralisk x6  
  192  11:14  Queen  
  192  11:18  Overseer x2  
  194  11:19  Overseer  
  192  11:48  Baneling x4  
  192  11:49  Baneling x4  
  192  11:58  Spine Crawler  
  192  12:01  Spine Crawler  
  160  12:21  Zergling x28  
  160  12:22  Zergling x14  
  154  12:37  Zergling x18  
  162  12:48  Ultralisk Cavern  
  161  12:51  Extractor  
  161  12:52  Zerg Melee Weapons Level 2  
  161  12:53  Zerg Ground Armor Level 3  
  161  12:55  Adrenal Glands  
  160  12:59  Spire  
  157  13:11  Hydralisk  
  157  13:12  Hydralisk x12  
  177  13:26  Infestor  
  177  13:29  Queen  
  181  13:34  Chitinous Plating  
  181  13:46  Hydralisk x6  
  181  13:47  Hydralisk x2  
  183  14:09  Ultralisk  
  187  14:10  Ultralisk x2  
  199  14:17  Greater Spire  
  199  14:21  Zergling x2  
  196  14:42  Hatchery  
  194  14:48  Zergling x2  
  194  14:49  Ultralisk  
  194  14:50  Ultralisk  
  174  15:12  Overlord x2  
  174  15:13  Overlord x3  
  174  15:14  Overlord x2  
  152  15:15  Ultralisk  
  152  15:18  Zergling x16  
  157  15:36  Zergling x2  
  157  15:37  Zergling x14  
  157  15:38  Ultralisk x5  
  157  15:42  Zerg Flyer Weapons Level 1  
  195  15:44  Zerg Melee Weapons Level 3  
  195  15:45  Zerg Missile Weapons Level 3  
  195  15:57  Baneling x5  
  195  15:58  Baneling x4  
  195  16:04  Extractor  
  195  16:05  Extractor  
  195  16:09  Hatchery  
  190  16:11  Hydralisk  
  190  16:12  Hydralisk x4  
  171  16:32  Ultralisk, Zergling x2  
  177  16:33  Ultralisk x3  
  194  16:47  Corruptor x3  
  200  17:09  Hatchery  
  176  17:24  Corruptor x2  
  176  17:25  Corruptor x4  
  174  17:42  Corruptor x5  
  178  17:45  Queen  
  178  17:48  Drone x7  
  187  17:55  Queen  
  189  18:02  Brood Lord x2  
  193  18:15  Zergling x2  
  193  18:16  Zergling x12  
  200  18:25  Burrow  
  186  18:40  Brood Lord  
  186  18:41  Brood Lord x3  
  188  18:54  Spine Crawler  
  187  18:56  Spine Crawler  
  187  18:58  Zergling x2  
  187  18:59  Zergling x14  
  187  19:00  Zergling x4  
  196  19:02  Queen  
  196  19:09  Drone x4  
  195  19:38  Hydralisk x2  
Show
View Real Time Build Order
Export as new Build Order

Legacy Terran 

Build Orders: Command Center First (CC), Bio Mine 

Get SALT Encoding   

  12  0:00  SCV  
  13  0:13  SCV  
  14  0:18  Supply Depot  
  14  0:25  SCV  
  15  0:39  SCV  
  16  0:51  SCV  
  17  1:04  Command Center  
  17  1:08  SCV  
  18  1:16  Barracks  
  18  1:20  SCV  
  19  1:33  Barracks  
  19  1:36  SCV  
  20  1:44  Barracks  
  20  1:48  SCV  
  21  1:57  Supply Depot  
  21  2:03  Marine, SCV  
  23  2:15  Orbital Command  
  23  2:19  Bunker  
  23  2:22  Marine  
  23  2:24  Marine  
  25  2:32  Orbital Command  
  25  2:36  Marine  
  26  2:42  Marine  
  27  2:47  SCV  
  28  2:57  Marine x2  
  30  2:59  SCV  
  30  3:02  SCV  
  30  3:03  Supply Depot  
  32  3:08  Supply Depot  
  32  3:11  Marine, SCV  
  34  3:14  Refinery  
  34  3:15  Marine  
  34  3:16  SCV  
  34  3:17  Refinery  
  34  3:18  Marine  
  37  3:23  SCV  
  38  3:27  Supply Depot  
  38  3:29  SCV  
  38  3:32  Supply Depot  
  39  3:36  SCV  
  40  3:42  Marine  
  40  3:43  Marine  
  40  3:48  SCV  
  43  3:50  Barracks Tech Lab  
  43  3:55  SCV  
  44  4:00  SCV  
  45  4:02  Refinery  
  45  4:06  Command Center  
  45  4:07  SCV  
  46  4:11  Stimpack  
  46  4:12  SCV  
  46  4:16  Marine  
  48  4:17  Marine  
  48  4:19  SCV  
  48  4:20  Marine  
  52  4:24  SCV  
  52  4:31  SCV  
  52  4:36  Engineering Bay, Factory, SCV  
  52  4:37  Engineering Bay  
  54  4:40  Marine  
  54  4:42  Barracks Reactor  
  54  4:43  Marine, SCV  
  57  4:48  SCV  
  58  4:58  Marine  
  56  5:00  Marine  
  56  5:06  Terran Infantry Armor Level 1, Terran Infantry Weapons Level 1  
  52  5:07  Supply Depot  
  52  5:08  SCV x2  
  54  5:16  Marine, Refinery, Supply Depot  
  54  5:17  Orbital Command  
  54  5:18  Marine  
  54  5:20  SCV x2  
  58  5:22  Factory Reactor  
  58  5:26  Starport  
  58  5:29  Marine  
  58  5:32  SCV  
  60  5:37  Supply Depot  
  60  5:38  SCV  
  61  5:45  SCV  
  62  5:53  Marine x2, Orbital Command  
  62  5:54  Marine  
  62  5:55  Barracks Reactor  
  62  5:57  Armory, SCV x2  
  67  6:00  Supply Depot  
  67  6:09  SCV x2  
  69  6:11  Marine x3  
  69  6:12  Combat Shields, Factory Tech Lab  
  69  6:13  Medivac x2  
  76  6:20  SCV  
  76  6:21  SCV  
  78  6:29  Marine x3  
  78  6:30  Siege Tank  
  84  6:33  SCV  
  84  6:35  Barracks x2  
  84  6:36  Barracks  
  84  6:37  Marine x2  
  84  6:38  SCV  
  84  6:39  SCV  
  89  6:43  Supply Depot  
  89  6:47  Marine x3, SCV  
  89  6:48  Medivac x2  
  97  6:56  SCV x2  
  97  6:58  Refinery  
  97  6:59  Refinery  
  99  7:03  Terran Infantry Weapons Level 2, SCV  
  99  7:05  Factory  
  101  7:08  SCV x2  
  101  7:10  Marine x5  
  107  7:23  Marine x2  
  107  7:28  Marine x4  
  113  7:31  Marine  
  113  7:35  Concussive Shells  
  115  7:37  Siege Tank  
  115  7:38  Drilling Claws  
  120  7:44  SCV x3  
  120  7:46  Marine x4  
  120  7:48  Barracks Reactor  
  120  7:49  Marine, Barracks Tech Lab  
  120  7:50  Factory Reactor, Terran Infantry Armor Level 2  
  126  7:53  Barracks Reactor, Terran Vehicle And Ship Armor Level 1  
  126  7:56  SCV x3  
  126  7:58  Supply Depot  
  128  8:02  Supply Depot  
  128  8:04  Medivac x2  
  128  8:05  Command Center  
  132  8:08  SCV  
  133  8:13  Supply Depot  
  133  8:14  Supply Depot  
  133  8:16  Supply Depot  
  133  8:19  Marine x2, SCV  
  140  8:20  Marauder x2  
  140  8:21  Marine  
  140  8:23  Marine, Widow Mine  
  144  8:28  Marine  
  144  8:34  Medivac  
  147  8:40  Marine  
  147  8:41  Marine x6  
  151  8:42  Widow Mine x2  
  151  8:45  Widow Mine  
  156  8:53  Marine  
  156  8:55  Marine x2  
  145  8:58  Marine x2  
  145  8:59  Marine x2  
  145  9:00  Marine x2  
  145  9:01  Marine, Medivac  
  154  9:03  Widow Mine  
  154  9:06  Widow Mine  
  154  9:11  Marine  
  154  9:13  Marine x2  
  154  9:16  Marine x3  
  150  9:19  Marine x4  
  150  9:21  Widow Mine  
  150  9:23  Orbital Command  
  150  9:25  Widow Mine  
  150  9:27  Command Center  
  150  9:28  Widow Mine  
  150  9:29  Marine  
  150  9:31  Marauder  
  157  9:35  Supply Depot  
  157  9:36  Command Center  
  157  9:37  Terran Infantry Weapons Level 3  
  157  9:42  Widow Mine  
  159  9:46  Widow Mine  
  159  9:49  Siege Tank  
  159  9:50  Marine x3, Marauder  
  159  9:51  Marine x4  
  159  9:52  Marauder  
  175  10:11  Marauder  
  175  10:13  Refinery  
  177  10:15  Widow Mine  
  177  10:16  Widow Mine  
  177  10:17  Refinery  
  177  10:21  Siege Tank  
  184  10:25  Marine x6  
  184  10:26  Marine x3  
  193  10:32  Marine  
  182  10:42  Marine  
  182  10:43  Marine x7  
  177  10:54  Siege Tank  
  177  10:55  Marine x2  
  167  11:00  Marine x2  
  164  11:11  Medivac x2  
  163  11:16  Marine  
  163  11:17  Marine  
  165  11:25  Widow Mine x2  
  169  11:26  Siege Tank  
  169  11:28  Marine x8  
  180  11:34  Marine x2  
  182  11:42  Orbital Command  
  182  11:45  Marine  
  182  11:46  Marine x4, Widow Mine  
  182  11:47  Marine x2, Widow Mine, Marauder  
  184  11:52  Marine x2  
  190  11:54  Factory  
  190  11:58  Siege Tank  
  190  12:00  Medivac x2  
  197  12:03  Marine x3  
  200  12:09  Planetary Fortress  
  193  12:19  Marine x2  
  178  12:25  Marine  
  178  12:26  Marine x5, Marauder x2  
  187  12:30  Siege Tank  
  188  12:37  Marine x2  
  188  12:43  Marine x2, Medivac  
  188  12:44  Marine x4  
  190  12:47  Marine x2, Widow Mine x2  
  197  12:55  Marine x2  
  199  13:01  Marine x3  
  199  13:04  Marine  
  199  13:05  Marine  
  194  13:09  Widow Mine x2  
  194  13:10  Widow Mine  
  197  13:18  Orbital Command  
  197  13:19  Marine  
  198  13:30  Widow Mine  
  200  13:47  Refinery  
  200  13:48  Refinery  
  180  14:09  Siege Tank  
  182  14:10  Widow Mine x2  
  182  14:15  Medivac x2  
  184  14:17  SCV x2  
  185  14:31  Factory Tech Lab, Widow Mine x2  
  187  14:33  Terran Infantry Armor Level 3  
  187  14:34  Terran Vehicle Weapons Level 1  
  187  14:36  Factory  
  189  14:45  Medivac x2  
  118  15:15  Marine x3, Marauder  
  118  15:16  Marine x2, Marauder  
  118  15:17  Widow Mine x4  
  126  15:23  Ghost Academy  
  121  15:32  Marine x3  
  124  15:37  Marauder x2  
  124  15:38  Widow Mine  
  124  15:39  Marine, Widow Mine x3  
  124  15:40  Marine  
  124  15:42  Missile Turret  
  138  15:43  Missile Turret  
  138  15:45  Marine x3  
  139  15:50  Marine x3  
  139  15:56  Factory Tech Lab  
  142  15:57  Marine x2, Barracks  
  142  15:58  Marine x2  
  142  15:59  Barracks  
  142  16:00  Widow Mine, Hellion, Siege Tank x2  
  142  16:03  Marine x3  
  159  16:07  Marine  
  159  16:08  Marine x2  
  160  16:15  Marine x3  
  160  16:16  Marauder  
  156  16:21  Marine x3  
  156  16:25  Marine x2  
  139  16:26  Marine  
  139  16:32  Siege Tank x2  
  126  16:33  Marine x2  
  126  16:34  Marauder  
  126  16:37  Marine  
  126  16:39  Marine x3  
  132  16:43  Marine x3  
  135  16:51  Marine  
  136  16:54  Ghost  
  136  16:56  Ghost  
  136  16:58  Barracks Tech Lab  
  140  17:02  Barracks Tech Lab  
  140  17:13  Orbital Command  
  124  17:27  Medivac x2  
  120  17:41  Ghost x2  
  124  17:48  Marine  
  124  17:49  Marine  
  126  18:02  Marine  
  126  18:03  Marine x4  
  131  18:09  Ghost x2  
  135  18:24  Marine  
  135  18:26  Marine  
  137  18:27  Ghost x2  
  139  18:38  Ghost x2  
  126  18:41  Marine x3  
  129  18:52  Orbital Command  
  127  18:55  Ghost  
  127  18:56  Ghost  
  130  19:23  Ghost  
  130  19:24  Marine x4  
  131  19:26  Medivac x2  
  131  19:27  Widow Mine  
  131  19:28  Widow Mine x2  
  133  19:40  Marine x4  
Tags
 
Add a new tag
Caveats
  • Supply blocks, unpowered buildings, or Contaminate may cause inaccurate times.
  • Supply counts are checked every 10 seconds.